 Dungeon Crawl Stone Soup version 0.22-a0-48-g8770677 (webtiles) character file.

21 KristoblXynda the Slasher (level 2, 0/24 HPs)
             Began as a Draconian Gladiator on Jan 7, 2018.
             Slain by an adder (1 damage)
             ... on level 2 of the Dungeon.
             The game lasted 00:02:22 (1126 turns).

KristoblXynda the Slasher (Draconian Gladiator)     Turns: 1126, Time: 00:02:23

Health: 0/24       AC:  4    Str: 16    XL:     2   Next: 65%
Magic:  2/2        EV: 13    Int:  8    God:
Gold:   46         SH:  0    Dex: 12    Spells: 1/1 levels left

rFire    . . .     SeeInvis .   a - +0 long sword
rCold    . . .     Gourm    .   (no shield)
rNeg     . . .     Faith    .   (armour unavailable)
rPois    .         Spirit   .   b - +0 hat
rElec    .         Reflect  .   (no cloak)
rCorr    .         Harm     .   (no gloves)
MR       .....                  (no boots)
Stlth    +.........             (no amulet)
HPRegen  0.08/turn              (no ring)
MPRegen  0.08/turn              (no ring)

@: no status effects
A: unfitting armour, cold-blooded, AC +4
a: no special abilities


You were on level 2 of the Dungeon.
You were not hungry.

You visited 1 branch of the dungeon, and saw 2 of its levels.

You collected 46 gold pieces.

Inventory:

Hand Weapons
 a - a +0 long sword (weapon)
Missiles
 c - 2 throwing nets (quivered)
Armour
 b - a +0 hat (worn)
Scrolls
 e - 4 scrolls of identify {unknown}
 f - a scroll of noise {unknown}
 g - a scroll of immolation {unknown}
 h - a scroll of blinking {unknown}
 i - a scroll of fog {unknown}
 j - a scroll of amnesia {unknown}
Potions
 l - a potion of degeneration {unknown}
Comestibles
 d - 2 rations
 k - 3 chunks of flesh


   Skills:
 - Level 2.1 Fighting
 + Level 3.3 Long Blades
 + Level 2.2 Throwing
 + Level 3.0 Dodging


You had one spell level left.
You didn't know any spells.

Dungeon Overview and Level Annotations

Branches:
Dungeon (2/15)

Altars:


Innate Abilities, Weirdness & Mutations

Your plain brown scales are hard. (AC +4)
You cannot fit into any form of body armour.
You are cold-blooded and may be slowed by cold attacks.


Message History

The adder bites you.
* * * LOW HITPOINT WARNING * * *
The adder bites you.
* * * LOW HITPOINT WARNING * * *
You hit the adder but do no damage.
The adder is heavily wounded.
The adder bites you but does no damage. 2 jackals come into view.
Sorry, you're not good enough to have a special ability.
Unknown command.
The adder bites you.
* * * LOW HITPOINT WARNING * * *
Throwing (i - inventory):
c - 3 throwing nets (quivered)
Press: ? - help, Shift-Dir - straight line, f - adder
Aim: an adder (heavily wounded)
You throw a throwing net.
The throwing net closely misses the adder.
The throwing net closely misses the jackal.
The adder bites you.
You die...

##.......# #.......#
#.......# #†......#
#.......#
########.......#
................
..############.......#
..(.h...S@............
..####################


You could see an adder and a jackal.

Vanquished Creatures
  An ooze (D:1)
  A bat (D:2)
  2 giant cockroaches (D:1)
  A goblin (D:1)
  A hobgoblin (D:2)
  3 jackals (D:2)
  A kobold (D:1)
  A ball python (D:1)
  A frilled lizard (D:1)
  5 rats
17 creatures vanquished.

Notes
Turn   | Place    | Note
-------+----------+-------------------------------------------
     0 | D:1      | KristoblXynda the Draconian Gladiator began the quest for the Orb.
     0 | D:1      | Reached XP level 1. HP: 17/17 MP: 1/1
   631 | D:1      | Reached XP level 2. HP: 24/24 MP: 2/2
  1124 | D:2      | HP: 1/24 [adder (3)]
  1126 | D:2      | Slain by an adder

Vault maps used:
D:1:      lightli_arrival_flooded_house, minivault_24, nrook_loot_triangle
D:2:      first_ration

Skill      XL: |  1  2 |
---------------+-------+-----
Throwing       | 2 |  2.2
Dodging        | 3 |  3.0
Fighting       | |  2.1
Long Blades    | |  3.3

Action                   || total
-------------------------++-------
Melee: Long sword        ||    63
       Tailslap          ||     8
Throw: Throwing net      ||     1
 Stab: Sleeping          ||     1
  Eat: Chunk             ||     1
Armor: Skin              ||    26
Dodge: Dodged            ||    45
       Rpst.: Long sword ||    11

Table legend:
 A = Spawn XP
 B = Non-spawn XP
 C = Spawn XP percentage of total XP
 D = Spawn monster count
 E = Non-spawn monster count
 F = Spawn count percentage of total count
 G = Total turns spent on level
                    A         B        C        D         E        F      G
               +---------+---------+-------+---------+---------+-------+---------
         Total |       0 |      31 |   0.0 |       0 |      17 |   0.0 |  1126
               +---------+---------+-------+---------+---------+-------+---------
           D:1 |       0 |      19 |   0.0 |       0 |      10 |   0.0 |  1040
           D:2 |       0 |      12 |   0.0 |       0 |       7 |   0.0 |    86
               +---------+---------+-------+---------+---------+-------+---------
